 Dungeon Crawl Stone Soup version 0.31-a0-232-gb1c03b2570 (webtiles) character file.

Game seed: 8985522241081281737

432 Querens the Shield-Bearer (level 7, 0/56 HPs)
             Began as a Formicid Fighter on July 7, 2023.
             Slain by a gnoll bouda
             ... wielding a +0 whip
              (3 damage)
             ... on level 4 of the Dungeon.
             The game lasted 00:06:49 (2141 turns).

Querens the Shield-Bearer (Formicid Fighter)        Turns: 2141, Time: 00:06:50

Health: 0/56       AC:  7    Str: 23    XL:     7   Next: 20%
Magic:  7/7        EV:  9    Int:  7    God:
Gold:   166        SH:  5    Dex: 13    Spells: 6/6 levels left

rFire   . . .        a - +0 war axe
rCold   . . .        c - +0 buckler
rNeg    . . .        b - +0 scale mail
rPois   .            (helmet unavailable)
rElec   .            (no cloak)
rCorr   .            (no gloves)
SInv    +            (no boots)
Will    .....        (no amulet) Stlth
                     (no ring)
HPRegen 0.29/turn    (no ring)
MPRegen 0.10/turn

%: no passive effects
@: weakened
A: permanent stasis, dig shafts and tunnels, antennae 3, four strong arms
a: Dig, Shaft Self


You were on level 4 of the Dungeon.
You visited 1 branch of the dungeon, and saw 4 of its levels.

You collected 166 gold pieces.

Inventory:

Hand Weapons
 a - a +0 war axe (weapon)
Armour
 b - a +0 scale mail (worn)
 c - a +0 buckler (worn)
Jewellery
 e - a ring of ice
 s - a ring of flight
Wands
 t - a wand of digging (4)
Scrolls
 g - 4 scrolls of identify {unknown}
 i - a scroll of fog {unknown}
 j - a scroll of teleportation {unknown}
 k - 3 scrolls of blinking {unknown}
 l - a scroll of torment {unknown}
 n - a scroll of enchant armour {unknown}
 p - a scroll of fear {unknown}
 r - a scroll of poison {unknown}
 u - a scroll of revelation {unknown}
Potions
 d - a potion of might
 f - a potion of heal wounds {unknown}
 h - a potion of invisibility {unknown}
 m - a potion of brilliance {unknown}
 o - 3 potions of curing {unknown}
 q - a potion of lignification {unknown}


   Skills:
 + Level 5.0 Fighting
 + Level 3.8 Axes
 + Level 5.1 Armour
 + Level 6.1 Shields


You had 6 spell levels left.
You didn't know any spells.
Your spell library contained the following spells:

 Spells                   Type           Power      Damage    Failure   Level
 Summon Small Mammal      Summ           0%         N/A       78%         1
 Cigotuvi's Dreadful Rot  Necr/Pois/Air  0%         N/A       89%         2
 Call Canine Familiar     Summ           0%         N/A       98%         3
 Ignite Poison            Fire/Tmut/Pois 0%         N/A       98%         3
 Summon Guardian Golem    Hex/Summ       0%         N/A       98%         3
 Freezing Cloud           Conj/Ice/Air   0%         6-21      100%        5


Dungeon Overview and Level Annotations

Branches:
Dungeon (4/15)
 Temple: D:4-7

Altars:
Qazlal


Innate Abilities, Weirdness & Mutations

You cannot be hasted, slowed, berserked, paralysed or teleported.
You can dig through walls and to a lower floor.
You have a pair of large antennae on your head. (SInv)
Your four strong arms can wield two-handed weapons with a shield.


Message History

Found a stone staircase leading down.
There is a stone staircase leading down here.
A gnoll comes into view. It is wielding a +0 spear.
The gnoll shouts!
You hear a shout!
The gnoll moves out of view.
A gnoll bouda comes into view. It is wielding a +0 whip.
A gnoll comes into view. It is wielding a +0 flail.
There is a stone staircase leading down here.
The gnoll bouda barks out a call to the hunt!
You hear a shout!
You hear a shout!
You barely miss the gnoll bouda. You block the gnoll bouda's attack.
You closely miss the gnoll bouda. The gnoll bouda closely misses you.
You hit the gnoll bouda but do no damage.
You block the gnoll bouda's attack.
The gnoll bouda hits you with a +0 whip.
You hit the gnoll bouda.
The gnoll bouda is lightly wounded.
You block the gnoll bouda's attack.
You hit the gnoll bouda but do no damage.
The gnoll bouda is lightly wounded.
The gnoll bouda hits you with a +0 whip.
You slash the gnoll bouda!
The gnoll bouda is severely wounded.
The gnoll bouda hits you with a +0 whip. x2
You closely miss the gnoll bouda.
The gnoll bouda is severely wounded.
The gnoll bouda hits you with a +0 whip!
* * * LOW HITPOINT WARNING * * *
You barely miss the gnoll bouda.
The gnoll bouda is severely wounded.
The gnoll bouda closely misses you.
You barely miss the gnoll bouda.
The gnoll bouda is severely wounded.
The gnoll bouda gazes fiercely through you!
You feel your attacks grow feeble.
The gnoll bouda hits you with a +0 whip!
* * * LOW HITPOINT WARNING * * *
The gnoll bouda hits you with a +0 whip.
You die...

##########
##########.....@g.#
#..†.......######.#
#.########## #.#
#.# #.# #.# #{# #.#
#{# #.# { ##{# #.#
##..##### #(#
.###.###.........


You could see a gnoll bouda.

Vanquished Creatures
  A black bear (D:4)
  A phantom (D:4)
  A lemure (D:3)
  A hound (D:3)
  2 orc priests (D:4)
  Robin (D:4)
  3 adders
  An ufetubus (D:4)
  A worm (D:4)
  A dart slug (D:1)
  11 orcs
  6 ball pythons
  6 bats
  9 endoplasms
  3 giant cockroaches
  18 goblins
  9 hobgoblins
  11 jackals
  10 kobolds
  5 frilled lizards (D:1)
  8 rats
109 creatures vanquished.

Notes
Turn   | Place    | Note
-------+----------+-------------------------------------------
     0 | D:1      | Querens the Formicid Fighter began the quest for the Orb.
     0 | D:1      | Reached XP level 1. HP: 18/18 MP: 1/1
    63 | D:1      | Reached XP level 2. HP: 20/24 MP: 2/2
    77 | D:1      | Found a faded altar of an unknown god.
   203 | D:1      | Reached XP level 3. HP: 29/29 MP: 3/3
   402 | D:2      | Found a stormy altar of Qazlal.
   423 | D:2      | Reached XP level 4. HP: 37/37 MP: 4/4
  1352 | D:3      | Reached XP level 5. HP: 42/42 MP: 5/5
  1355 | D:3      | Reached skill level 5 in Shields
  1619 | D:4      | Noticed a lemure
  1619 | D:4      | Noticed a lemure
  1641 | D:3      | Killed a lemure
  1679 | D:4      | Noticed a phantom
  1697 | D:4      | Killed a phantom
  1698 | D:4      | Reached XP level 6. HP: 31/49 MP: 6/6
  1857 | D:4      | Noticed Robin
  1874 | D:4      | Killed Robin
  2045 | D:4      | Noticed a black bear
  2054 | D:4      | Killed a black bear
  2055 | D:4      | Reached skill level 5 in Fighting
  2055 | D:4      | Reached skill level 5 in Armour
  2055 | D:4      | Reached skill level 6 in Shields
  2055 | D:4      | Reached XP level 7. HP: 13/56 MP: 7/7
  2141 | D:4      | Slain by a gnoll bouda

Illustrated notes

Levels and vault maps discovered:
D:1:      eino_arrival_cavern_a, layout_rooms,
          hellmonk_ecumenical_altar_arch_garden
D:2:      layout_loops_corners, basic_altar, minmay_pentomino_t4
D:3:      layout_basic, serial_rivers, chequers_serial_rivers_room_b,
          chequers_serial_rivers_micro_c, chequers_serial_rivers_micro_b,
          chequers_serial_rivers_micro_e, chequers_serial_rivers_small_3,
          chequers_serial_rivers_micro_c, chequers_serial_rivers_large_b
D:4:      kennysheep_goblin_castle, layout_loops_ring, kennysheep_slug_shrine,
          uniq_pikel, uniq_duvessa

Skill      XL: |  1  2  3  4  5  6 |
---------------+-------------------+-----
Armour         | 4 5 |  5.1
Fighting       | 4 5 |  5.0
Shields        | 5 6 |  6.1
Axes           | 3 |  3.8

Action                     |  1- 3 |  4- 6 |  7- 9 || total
---------------------------+-------+-------+-------++-------
  Melee: War axe           |    64 |   200 |    14 ||   278
 Armour: Scale mail        |    31 |   109 |       ||   140
  Dodge: Dodged            |    40 |   119 |     4 ||   163
  Block: Buckler           |    20 |    61 |     3 ||    84

Table legend: (Time is in decaauts)
 A = Elapsed time spent in this place.
 B = Non-inter-level travel time spent in this place.
 C = Inter-level travel time spent in this place.
 D = Time resting spent in this place.
 E = Time spent auto-exploring this place.
 F = Levels seen in this place.
 G = Mean time per level.
                   A        B        C        D        E       F      G
               +--------+--------+--------+--------+--------+-----+--------+
         Total |   2274 |   2140 |    134 |      0 |      0 |   4 |  568.5 |
       Dungeon |   2274 |   2140 |    134 |      0 |      0 |   4 |  568.5 |
               +--------+--------+--------+--------+--------+-----+--------+

Top non-repeatable levels by time:
     D:2: 731 daAuts
     D:3: 592 daAuts
     D:4: 525 daAuts
     D:1: 425 daAuts
